 Dungeon Crawl Stone Soup version 0.16-a0-2179-gb75b79b (webtiles) character file.

277 wvc the Basher (level 6, -1/62 HPs)
             Began as an Ogre Berserker on Nov 14, 2014.
             Was an Elder of Trog.
             Slain by Grinder (4 damage)
             ... on level 4 of the Dungeon.
             The game lasted 00:08:16 (3798 turns).

wvc the Basher (Ogre Berserker)                     Turns: 3798, Time: 00:08:16

Health: -1/62      AC:  4    Str: 24    XL:     6   Next: 25%
Magic:  6/6        EV: 10    Int:  6    God:    Trog [****..]
Gold:   163        SH:  0    Dex: 10    Spells: 0 memorised, 5 levels left

rFire  . . .     SeeInvis .     o - +2 whip (drain)
rCold  . . .     Clarity  .     b - +0 animal skin
rNeg   . . .     SustAb   .     (shield restricted)
rPois  .         Gourm    .     (helmet restricted)
rElec  .         Spirit   .     t - +0 cloak (curse)
rCorr  .         Warding  .     (gloves unavailable)
rMut   .         Stasis   .     (boots unavailable)
MR     ++...                    (no amulet)
Stlth  +.........               (no ring)
                                (no ring)

@: exhausted, regenerating, very resistant to hostile enchantments, very
unstealthy
A: unfitting armour, tough skin 1
a: Burn Spellbooks, Berserk, Trog's Hand, Brothers in Arms, Renounce Religion


You were on level 4 of the Dungeon.
You worshipped Trog.
Trog was greatly pleased with you.
You were near starving.

You visited 1 branch of the dungeon, and saw 4 of its levels.

You collected 163 gold pieces.

Inventory:

Hand weapons
 a - a +0 mace
 o - a +2 whip of draining (weapon)
Missiles
 i - 17 poisoned needles
Armour
 b - a +0 animal skin (worn)
 t - a cursed +0 cloak (worn)
Jewellery
 h - an uncursed ring of sustain abilities
Magical devices
 e - a wand of digging (13)
 g - a wand of polymorph (10)
 k - a wand of polymorph (7)
Scrolls
 l - 3 scrolls of recharging
 m - 4 scrolls of identify
 r - a scroll of magic mapping
Potions
 d - 2 potions of invisibility
 j - a potion of might {unknown}
 n - 3 potions of curing
 p - a potion of magic
 q - a potion of agility
 s - a potion of resistance {unknown}
 u - a potion of restore abilities {unknown}
 w - a potion of haste {unknown}
Comestibles
 c - 2 meat rations
 f - 2 bread rations
 v - 4 fruits


   Skills:
 - Level 4.0 Fighting
 * Level 9.0 Maces & Flails
 - Level 1.5 Armour
 - Level 1.7 Dodging


You had 5 spell levels left.
You didn't know any spells.

Dungeon Overview and Level Annotations

Branches:
Dungeon (4/15)
 Temple: D:4-7

Altars:
Fedhas
Kikubaaqudgha

Annotations:
D:4 Grinder


Innate Abilities, Weirdness & Mutations

You are too large for most types of armour.
You have tough skin (AC +1).


Message History

Grinder hits you.
You writhe in agony.
You hit Grinder.
Grinder is severely wounded.
Grinder gestures.
Grinder blinks!
You feel yourself speed up. Grinder barely misses you. Grinder hits you!
* * * LOW HITPOINT WARNING * * *
You writhe in agony.
* * * LOW HITPOINT WARNING * * *
You are too injured to fight recklessly!
You are too injured to fight recklessly!
You are too injured to fight recklessly!
You are too injured to fight recklessly!
You hit Grinder.
Grinder is almost dead.
Grinder hits you!
* * * LOW HITPOINT WARNING * * *
You writhe in agony.
You die...

#........# #........#
#........## #.........###
########...........#######
.......#.)......##..)....#
........#........########.#
.=........5..##### #.#
.%........@.## #..
..#..#..†...# ##.
.#..#..#....# ########
..#..#.....# #<....##
.#..#......# #.....##
#..#..#.#....#.# #.....##
.........##.#.# ###)....
##..#...# ...# #.##..
##.#..[# ...# ###....#


You could see Grinder.

Vanquished Creatures
  A giant frog skeleton (D:4)
  An iguana (D:4)
  Jessica (D:3)
  Terence (D:3)
  10 adders
  3 worms
  A giant gecko (D:4)
  2 oozes
  3 orcs
  12 bats
  4 giant cockroaches
  9 goblins
  9 hobgoblins
  9 jackals
  7 kobolds
  A quokka (D:3)
  A ball python (D:1)
  5 giant newts
  9 rats
89 creatures vanquished.

Notes
Turn   | Place    | Note
--------------------------------------------------------------
     0 | D:1      | wvc, the Ogre Berserker, began the quest for the Orb.
     0 | D:1      | Reached XP level 1. HP: 24/24 MP: 1/1
    89 | D:1      | Reached XP level 2. HP: 21/32 MP: 2/2
   360 | D:1      | Reached skill level 5 in Maces & Flails
   616 | D:1      | Acquired Trog's second power
   886 | D:1      | Reached XP level 3. HP: 39/39 MP: 3/3
  1534 | D:2      | Reached skill level 6 in Maces & Flails
  1776 | D:2      | Reached XP level 4. HP: 46/48 MP: 4/4
  2502 | D:3      | Noticed Jessica
  2505 | D:3      | Reached skill level 7 in Maces & Flails
  2509 | D:3      | Killed Jessica
  2509 | D:3      | Reached XP level 5. HP: 54/54 MP: 5/5
  2683 | D:3      | Noticed Terence
  2701 | D:3      | Killed Terence
  2787 | D:3      | Acquired Trog's third power
  2902 | D:3      | Reached skill level 8 in Maces & Flails
  3227 | D:3      | Found a blossoming altar of Fedhas.
  3231 | D:3      | Found an ancient bone altar of Kikubaaqudgha.
  3536 | D:4      | Reached XP level 6. HP: 62/62 MP: 6/6
  3598 | D:4      | Noticed Grinder
  3754 | D:4      | Reached skill level 9 in Maces & Flails
  3792 | D:4      | Paralysed by Grinder for 2 turns
  3798 | D:4      | HP: 3/62 [Grinder (10)]
  3798 | D:4      | Slain by Grinder

Action                   |  1- 3 |  4- 6 || total
-------------------------+-------+-------++-------
Melee: Mace              |   120 |       ||   120
       Whip              |    16 |   214 ||   230
       Unarmed           |       |     2 ||     2
Invok: Berserk           |     1 |     2 ||     3
       Trog's Hand       |       |     2 ||     2
  Use: Scroll            |       |    13 ||    13
  Eat: Fruit             |     3 |       ||     3
       Chunk             |     1 |     3 ||     4
       Bread ration      |       |     1 ||     1
